 Dungeon Crawl Stone Soup version 0.23.2-33-g5129a83184 (webtiles) character file.

Game seed: 6186263287283070946

694 MalarOregon the Poker (level 7, 0/56 HPs)
             Began as a Merfolk Skald on Aug 5, 2019.
             Was an Initiate of Wu Jian.
             Killed by nerve-wracking pain
             ... invoked by Grinder
              (12 damage)
             ... on level 4 of the Dungeon.
             The game lasted 00:06:53 (4678 turns).

MalarOregon the Poker (Merfolk Skald)               Turns: 4678, Time: 00:06:54

Health: 0/56       AC:  7    Str: 16    XL:     7   Next: 64%
Magic:  10/10      EV: 15    Int: 14    God:    Wu Jian [......]
Gold:   209        SH:  0    Dex: 14    Spells: 9/10 levels left

rFire    . . .     SeeInvis .   a - +0 trident
rCold    . . .     Gourm    .   (no shield)
rNeg     . . .     Faith    .   b - +0 leather armour
rPois    .         Spirit   .   n - +0 helmet
rElec    .         Reflect  .   h - +0 cloak
rCorr    .         Harm     .   y - +1 pair of gloves
MR       .....                  (no boots)
Stlth    +.........             (no amulet)
HPRegen  0.18/turn              (no ring)
MPRegen  0.12/turn              (no ring)

@: mighty
A: change form in water, swift swim, stealthy swim
a: Renounce Religion


You were on level 4 of the Dungeon.
You worshipped Wu Jian.
Wu Jian was noncommittal.
You were not hungry.

You visited 2 branches of the dungeon, and saw 5 of its levels.

You collected 209 gold pieces.

Inventory:

Hand Weapons
 a - a +0 trident (weapon)
   (You took it off an orc on level 3 of the Dungeon)
Missiles
 z - 4 needles of sleeping
Armour
 b - a +0 leather armour (worn)
 h - a +0 cloak (worn)
   (You found it on level 1 of the Dungeon)
 n - a +0 helmet (worn)
   (You took it off Robin on level 2 of the Dungeon)
 y - a +1 pair of gloves (worn)
   (You found it on level 4 of the Dungeon)
Jewellery
 q - an uncursed ring of fire
   (You found it on level 3 of the Dungeon)
 r - an uncursed amulet of guardian spirit {unknown}
   (You found it on level 3 of the Dungeon)
Wands
 c - a wand of disintegration (7)
   (You found it on level 3 of the Dungeon)
Scrolls
 f - a scroll of remove curse {@r2}
 i - a scroll of fog {unknown}
 j - a scroll of fear {unknown}
 k - a scroll of amnesia {unknown}
 l - 2 scrolls of noise {!r}
 o - 2 scrolls of identify {unknown}
 p - a scroll of random uselessness {unknown}
 s - a scroll of enchant armour {unknown}
 u - 2 scrolls of enchant weapon {unknown}
 w - a scroll of immolation {unknown}
 x - a scroll of magic mapping {unknown}
Potions
 d - a potion of lignification {unknown}
 g - 2 potions of agility {unknown}
 m - 2 potions of might
 v - a potion of ambrosia {unknown}
 A - a potion of brilliance {unknown}
Comestibles
 e - 5 rations {!d}
 t - 7 chunks of flesh


   Skills:
 + Level 5.5 Fighting
 + Level 7.3 Polearms
 - Level 0.6 Armour
 + Level 6.6 Dodging
 - Level 2.0 Spellcasting
 - Level 3.2 Charms


You had 9 spell levels left.
You knew the following spells:

 Your Spells              Type           Power        Failure   Level  Hunger
a - Infusion              Chrm           ##..         8%          1    ##.....

Your spell library contained the following spells:

 Spells                   Type           Power        Failure   Level  Hunger
 Song of Slaying          Chrm           ##......     12%         2    ###....
 Shroud of Golubria       Chrm/Tloc      #.........   22%         2    ###....
 Swiftness                Chrm/Air       #.......     22%         2    ###....
 Shock                    Conj/Air       #...         28%         1    ##.....
 Regeneration             Chrm/Necr      #.........   41%         3    ####...
 Spectral Weapon          Hex/Chrm       #.......     41%         3    ####...
 Static Discharge         Conj/Air       #.......     65%         3    ####...
 Airstrike                Air            #.........   96%         4    #####..
 Lightning Bolt           Conj/Air       #.........   100%        5    ######.


Dungeon Overview and Level Annotations

Branches:
Dungeon (4/15)             Temple (1/1) D:4

Altars:
Ashenzari
Dithmenos
Elyvilon
Fedhas
Gozag
Kikubaaqudgha
Nemelex Xobeh
Okawaru
Qazlal
Trog
Uskayaw
Vehumet
Wu Jian
Xom
Yredelemnul
Zin
The Shining One

Shops:
D:4 =

Annotations:
D:4 Grinder


Message History

Grinder is too close now for your liking.
Attack whom?
Aim: Grinder You reach to attack!
You hit Grinder. Grinder gestures at you. You resist with significant effort.
Attack whom?
Aim: Grinder (lightly wounded)
You reach to attack!
You barely miss Grinder. You hit Grinder but do no damage. Grinder hits you.
You writhe in agony.
You puncture Grinder! Grinder closely misses you.
You closely miss Grinder. Grinder closely misses you.
You hit Grinder. You hit Grinder but do no damage.
Grinder says, "Mostly I couldn't keep them alive."
Grinder gestures at you.
You struggle to resist.
You hit Grinder.
Grinder drinks a potion.
Grinder is healed!
You closely miss Grinder. Grinder closely misses you.
You closely miss Grinder. Grinder hits you.
You writhe in agony.
You barely miss Grinder.
Grinder says, "Mostly I couldn't keep them alive."
Grinder hits you but does no damage.
You puncture Grinder! Grinder hits you.
Your leather armour prevents you from hitting Grinder.
Grinder hits you but does no damage.
You hit Grinder but do no damage. Grinder misses you.
You hit Grinder but do no damage. Grinder closely misses you.
You hit Grinder but do no damage. Grinder hits you.
You writhe in agony.
* * * LOW HITPOINT WARNING * * *
Grinder says, "What is the universe for?"
Grinder gestures at you. You resist with significant effort.
You barely miss Grinder. Grinder hits you!
* * * LOW HITPOINT WARNING * * *
You writhe in agony.
* * * LOW HITPOINT WARNING * * *
You closely miss Grinder. Grinder gestures at you.
Pain shoots through your body!
* * * LOW HITPOINT WARNING * * *
Unknown command.
It was a potion of might.
You feel very mighty all of a sudden. Grinder barely misses you.
You puncture Grinder!
Grinder blinks!
You barely miss Grinder. Grinder gestures at you.
Pain shoots through your body!
You die...

.............
...........
%.5......
....... .....
... ##.# #..#
##@#######
#.5......#
##.......##
#........#
##.##....##
#..###..##
##.## ###
##..# #..##


You could see Grinder.

Vanquished Creatures
  Pikel (Temple)
  2 slaves (Temple)
  An iguana (D:4)
  Robin (D:2)
  3 gnolls (D:4)
  5 adders
  4 worms
  2 dart slugs
  3 leopard geckos
  5 orcs
  7 bats
  3 giant cockroaches
  12 goblins
  11 hobgoblins
  13 jackals
  7 kobolds
  A quokka (D:2)
  A ball python (D:4)
  4 frilled lizards
  9 rats
95 creatures vanquished.

Notes
Turn   | Place    | Note
-------+----------+-------------------------------------------
     0 | D:1      | MalarOregon the Merfolk Skald began the quest for the Orb.
     0 | D:1      | Reached XP level 1. HP: 16/16 MP: 3/3
   107 | D:1      | Reached XP level 2. HP: 11/23 MP: 5/5
   569 | D:1      | You fall through a shaft!
   569 | D:2      | Found a radiant altar of Vehumet.
   608 | D:2      | Reached XP level 3. HP: 12/28 MP: 6/6
  1112 | D:1      | Reached skill level 4 in Polearms
  1600 | D:2      | Reached XP level 4. HP: 34/35 MP: 7/7
  1964 | D:2      | Noticed Robin
  2003 | D:2      | Killed Robin
  2954 | D:3      | Reached XP level 5. HP: 40/41 MP: 8/8
  3104 | D:3      | Reached skill level 5 in Polearms
  3114 | D:3      | Found an ornate altar of the Wu Jian Council.
  3114 | D:3      | Found a bloodstained altar of Trog.
  3118 | D:3      | Found a shadowy altar of Dithmenos.
  3128 | D:3      | Found a white marble altar of Elyvilon.
  3134 | D:3      | Became a worshipper of the Wu Jian Council
  3775 | D:4      | Noticed Pikel
  3775 | D:4      | Noticed a slave
  3775 | D:4      | Noticed a slave
  3775 | D:4      | Noticed a slave
  3775 | D:4      | Noticed a slave
  3821 | D:4      | Found Hul Vaice's Jewellery Shop.
  3889 | D:4      | Found a staircase to the Ecumenical Temple.
  3927 | Temple   | Entered the Ecumenical Temple
  4167 | Temple   | Killed a slave
  4184 | Temple   | Killed a slave
  4266 | Temple   | Killed Pikel
  4266 | Temple   | Reached skill level 5 in Fighting
  4266 | Temple   | Reached skill level 7 in Polearms
  4266 | Temple   | Reached XP level 6. HP: 12/51 MP: 9/9
  4266 | Temple   | Reached XP level 7. HP: 14/56 MP: 10/10
  4649 | D:4      | Noticed Grinder
  4678 | D:4      | Killed from afar by Grinder

Skill      XL: |  1  2  3  4  5 |
---------------+----------------+-----
Dodging        | 3 4 6 |  6.6
Fighting       | 3 5 |  5.5
Polearms       | 4 7 |  7.3
Armour         | |  0.6
Spellcasting   | |  2.0
Charms         | |  3.2

Action                   |  1- 3 |  4- 6 |  7- 9 || total
-------------------------+-------+-------+-------++-------
Melee: Spear             |   178 |   243 |       ||   421
       Tailslap          |       |     4 |       ||     4
       Trident           |       |    95 |    33 ||   128
Invok: Lunge             |       |     7 |       ||     7
  Use: Scroll            |     1 |     1 |       ||     2
       Potion            |       |       |     1 ||     1
 Stab: Sleeping          |       |     3 |       ||     3
  Eat: Chunk             |     2 |     9 |     1 ||    12
Armor: Leather armour    |    42 |    54 |     4 ||   100
Dodge: Dodged            |    81 |   144 |    16 ||   241
